 Dungeon Crawl Stone Soup version 0.27.0-1-g7a08968 (webtiles) character file.

Game seed: 8977337133531777143

90 Illumine the Shield-Bearer (level 4, 0/40 HPs)
             Began as a Minotaur Fighter on Aug 26, 2021.
             Killed from afar by Sigmund (4 damage)
             ... with a puff of flame
             ... on level 2 of the Dungeon.
             The game lasted 00:01:28 (1217 turns).

Illumine the Shield-Bearer (Minotaur Fighter)       Turns: 1217, Time: 00:01:29

Health: 0/40       AC:  7    Str: 22    XL:     4   Next: 32%
Magic:  3/3        EV:  7    Int:  5    God:
Gold:   42         SH:  9    Dex:  9    Spells: 3/3 levels left

rFire    . . .     SeeInvis .   a - +0 war axe
rCold    . . .     Faith    .   c - +0 kite shield
rNeg     . . .     Spirit   .   b - +0 scale mail
rPois    .         Reflect  .   (helmet restricted)
rElec    .         Harm     .   (no cloak)
rCorr    .         Rampage  .   (no gloves)
Will     .....                  (no boots)
Stlth    ..........             (no amulet)
HPRegen  0.13/turn              (no ring)
MPRegen  0.08/turn              (no ring)

@: mighty
A: horns 2, retaliatory headbutt
a: no special abilities


You were on level 2 of the Dungeon.
You visited 1 branch of the dungeon, and saw 2 of its levels.

You collected 42 gold pieces.

Inventory:

Hand Weapons
 a - a +0 war axe (weapon)
 j - a +0 hunting sling
Missiles
 e - 13 bolts
 i - 10 poisoned darts (quivered)
Armour
 b - a +0 scale mail (worn)
 c - a +0 kite shield (worn)
Scrolls
 f - a scroll of teleportation {unknown}
 g - a scroll of enchant armour {unknown}
Potions
 h - a potion of brilliance {unknown}
 k - a potion of resistance {unknown}


   Skills:
 + Level 4.2 Fighting
 * Level 4.0 Axes
 + Level 4.2 Armour
 + Level 4.2 Shields


You had 3 spell levels left.
You didn't know any spells.
Your spell library contained the following spells:

 Spells                   Type           Power      Damage    Failure   Level
 Ensorcelled Hibernation  Hex/Ice        0%         N/A       100%        2
 Spider Form              Tmut/Pois      0%         N/A       100%        3
 Shadow Creatures         Summ           N/A        N/A       100%        6


Dungeon Overview and Level Annotations

Branches:
Dungeon (2/15)

Altars:

Annotations:
D:2 Sigmund


Innate Abilities, Weirdness & Mutations

You have a pair of horns on your head.
You reflexively headbutt those who attack you in melee.


Message History

You are confused.
The goblin barely misses you. Sigmund closely misses you.
The goblin hits you but does no damage.
You feel very mighty all of a sudden.
Sigmund points at you and mumbles some strange words.
You resist with some effort. The goblin closely misses you.
Unknown command.
You bump into the rock wall.
Sigmund points at you and mumbles some strange words.
The puff of flame hits you. The goblin closely misses you.
You barely miss the goblin. Your headbutt misses the goblin.
You barely miss Sigmund. Sigmund hits you but does no damage.
The goblin hits you but does no damage.
You miss Sigmund.
Sigmund is lightly wounded.
You barely miss the goblin. Sigmund gestures at you while chanting.
The magic dart hits you but does no damage.
The goblin hits you with a +0 club.
Sigmund hits you with a +0 scythe of protection!
The goblin hits you with a +0 club.
You bump into the rock wall.
You feel less confused. Sigmund casts a spell at you. The magic dart hits you!
* * * LOW HITPOINT WARNING * * *
The goblin closely misses you.
Unknown command.
You hit Sigmund.
Sigmund is moderately wounded.
Your shield prevents you from hitting the goblin.
Sigmund closely misses you. The goblin hits you with a +0 club.
* * * LOW HITPOINT WARNING * * *
Unknown command.
You barely miss Sigmund.
Sigmund is moderately wounded.
You completely miss the goblin.
Sigmund points at you and mumbles some strange words.
The puff of flame hits you.
You die...

##+####.....#######.#######....#
#....>......#................###
#..........(#.#####.########.#
#...........#.# .#.# #.#
#.......#####.# .#.. #.####
#.......#####.# .#### #.....
#..>....÷.....# ....#.#####.....
#.......#########@...............
'..<....'.......@g.# #####....†
#.......##########.# ##....
#####........... .. +.... #
#.########## ## #.... # #.# #....
#####.# #.... '.....# ###+#
####### #


You could see Sigmund and a goblin.

Vanquished Creatures
  Natasha (D:2)
  2 adders (D:2)
  2 worms (D:2)
  3 dart slugs (D:1)
  4 bats
  3 endoplasms (D:2)
  3 giant cockroaches
  2 goblins
  5 hobgoblins
  2 quokkas (D:2)
  2 ball pythons
  3 frilled lizards
  2 rats
34 creatures vanquished.

Notes
Turn   | Place    | Note
-------+----------+-------------------------------------------
     0 | D:1      | Illumine the Minotaur Fighter began the quest for the Orb.
     0 | D:1      | Reached XP level 1. HP: 19/19 MP: 0/0
   288 | D:1      | Reached XP level 2. HP: 27/27 MP: 1/1
   668 | D:2      | Reached XP level 3. HP: 31/33 MP: 2/2
   862 | D:2      | Noticed Natasha
   870 | D:2      | Killed Natasha
   871 | D:2      | Reached XP level 4. HP: 40/40 MP: 3/3
  1205 | D:2      | Noticed Sigmund
  1217 | D:2      | Killed from afar by Sigmund

Illustrated notes

Levels and vault maps discovered:
D:1:      lemuel_arrival_funnel, layout_loops_ring,
          shapermc_ecumenical_altar_mp_highgroup
D:2:      layout_basic, minmay_pentomino_x2, uniq_jessica, uniq_natasha,
          uniq_sigmund

Skill      XL: |  1  2  3  4 |
---------------+-------------+-----
Axes           | 3 4 |  4.0
Fighting       | 4 |  4.2
Armour         | 4 |  4.2
Shields        | 4 |  4.2

Action                   |  1- 3 |  4- 6 || total
-------------------------+-------+-------++-------
Melee: War axe           |    71 |    23 ||    94
       Headbutt          |    10 |     3 ||    13
Throw: Dart              |       |     1 ||     1
  Use: Potion            |       |     1 ||     1
Armor: Scale mail        |    42 |     9 ||    51
Dodge: Dodged            |    18 |    10 ||    28
Block: Kite shield       |    42 |     6 ||    48
